Map: Oxide LE

Players

LiquidClem (Clem) - Winner!

  • Race: Terran Terran
  • Spawn Location: 7:00

ByuN

  • Race: Terran Terran
  • Spawn Location: 1:00

VOD

Have the link to the VOD?

Description

Time

  • Played on: Feb. 6, 2021, 8:25 a.m.
  • Length: 6:44
Show
View Real Time Build Order
Export as new Build Order

LiquidClem Terran - Winner!

Build Orders:  

Get SALT Encoding   

  12  0:00  SCV  
  13  0:12  SCV  
  14  0:17  Supply Depot  
  14  0:24  SCV  
  15  0:38  SCV  
  15  0:40  Barracks  
  16  0:42  Refinery  
  16  0:50  SCV  
  16  0:52  Refinery  
  17  1:03  SCV  
  18  1:15  SCV  
  19  1:27  Orbital Command  
  19  1:28  Barracks Reactor  
  19  1:29  Supply Depot  
  19  1:39  Factory  
  19  1:52  SCV  
  20  2:04  SCV, Reaper x2  
  24  2:23  Hellion  
  24  2:26  Command Center  
  24  2:29  SCV  
  26  2:36  Reaper x2  
  28  2:40  Supply Depot  
  28  2:45  Hellion  
  28  2:48  SCV  
  31  3:01  Starport  
  31  3:02  SCV  
  32  3:06  Hellion  
  32  3:08  Reaper  
  32  3:11  Reaper  
  36  3:17  Supply Depot  
  36  3:20  SCV  
  37  3:29  Factory Tech Lab  
  37  3:32  SCV  
  36  3:40  Medivac  
  38  3:44  Marine  
  38  3:45  Marine, SCV  
  38  3:47  Orbital Command  
  41  3:53  Siege Tank  
  44  3:57  SCV  
  44  4:02  Marine x2  
  46  4:06  Refinery  
  46  4:09  SCV  
  48  4:12  SCV  
  48  4:14  Starport Tech Lab  
  49  4:20  Marine x2  
  49  4:22  SCV  
  52  4:30  SCV  
  52  4:35  Raven  
  54  4:41  Command Center  
  54  4:43  SCV x2  
  54  4:44  Supply Depot  
  55  4:46  Marine  
  55  4:47  Marine  
  57  4:55  SCV x2  
  57  4:56  Siege Tank  
  62  5:05  Supply Depot  
  60  5:07  SCV  
  60  5:08  SCV  
  62  5:16  Marine x2  
  62  5:19  SCV  
  62  5:20  SCV  
  62  5:21  Raven  
  64  5:27  Barracks x2  
  65  5:31  Siege Tank  
  65  5:32  SCV  
  65  5:33  SCV  
  70  5:40  Refinery  
  70  5:43  Marine x2, Supply Depot  
  70  5:44  SCV  
  70  5:45  SCV  
  74  5:53  Orbital Command  
  74  5:56  SCV  
  71  5:57  SCV  
  71  6:04  Engineering Bay x2  
  72  6:08  SCV  
  72  6:10  Siege Tank  
  76  6:12  SCV  
  76  6:14  Barracks Reactor x2  
  76  6:16  Orbital Command  
  79  6:23  Supply Depot, Barracks Reactor  
  81  6:25  Marine  
Show
View Real Time Build Order
Export as new Build Order

ByuN Terran 

Build Orders: Gas First Reaper Expand 

Get SALT Encoding   

  12  0:00  SCV  
  13  0:12  SCV  
  14  0:17  Supply Depot  
  14  0:24  SCV  
  14  0:27  Refinery  
  15  0:38  SCV  
  16  0:43  Barracks  
  16  0:50  SCV  
  17  1:02  SCV  
  18  1:15  SCV  
  19  1:30  Orbital Command, Reaper  
  20  1:41  Command Center  
  20  1:51  Factory  
  20  1:56  SCV  
  21  2:03  Refinery  
  22  2:08  SCV  
  22  2:12  Barracks Reactor  
  22  2:13  Supply Depot  
  22  2:20  SCV  
  23  2:35  SCV  
  23  2:36  Starport, Hellion  
  26  2:47  SCV  
  26  2:50  Marine x2  
  29  2:53  Orbital Command  
  29  2:59  Widow Mine  
  29  3:00  SCV  
  32  3:07  Marine  
  32  3:08  Marine  
  32  3:12  SCV  
  35  3:13  Medivac  
  35  3:19  SCV  
  38  3:24  SCV, Supply Depot  
  39  3:27  Marine x2  
  39  3:28  Factory Tech Lab  
  39  3:32  SCV  
  40  3:36  SCV  
  38  3:44  SCV  
  38  3:45  Marine  
  38  3:46  Starport Tech Lab  
  38  3:47  Cyclone  
  43  3:49  SCV  
  43  3:50  Marine  
  43  3:53  Orbital Command  
  45  3:58  Supply Depot  
  45  4:01  SCV  
  45  4:11  Raven  
  45  4:14  Marine x2  
  45  4:15  Supply Depot  
  50  4:19  SCV x2  
  48  4:31  SCV  
  48  4:32  Marine, SCV  
  48  4:37  Siege Tank  
  53  4:44  SCV x2  
  54  4:48  Refinery  
  53  4:54  Marine x2  
  53  4:56  SCV  
  40  5:08  SCV  
  40  5:09  Siege Tank, Banshee  
  40  5:12  Marine x2  
  47  5:20  SCV  
  48  5:23  Command Center  
  48  5:30  Supply Depot  
  48  5:33  Marine x2  
  49  5:53  SCV  
  49  5:55  Marine x2  
  45  6:02  Siege Tank  
  48  6:05  SCV  
  51  6:16  Marine  
  51  6:17  Command Center  
  52  6:20  Marine  
  52  6:23  SCV  
Tags
 
Matchup
TvT
Player
ByuNClem
Race
Terran
Spawn Locations
Cross Positions
Add a new tag
Caveats
  • Supply blocks, unpowered buildings, or Contaminate may cause inaccurate times.
  • Supply counts are checked every 10 seconds.